 Dungeon Crawl Stone Soup version 0.13.0-18-g7b03ea5 (webtiles) character file.

245 Econoterrorist the Sneak (level 4, -3/22 HPs)
             Began as a Spriggan Assassin on Oct 24, 2013.
             Slain by Grinder (5 damage)
             ... on Level 3 of the Dungeon.
             The game lasted 00:09:09 (1879 turns).

Econoterrorist the Sneak (Spriggan Assassin)        Turns: 1879, Time: 00:09:09

HP  -3/22        AC  3     Str  7      XL: 4   Next: 22%
MP   7/7         EV 18     Int 13      God:
Gold 162         SH  0     Dex 17      Spells:  1 memorised,  0 levels left

Res.Fire  : . . .   See Invis. : +   a - +2 dagger {=f}
Res.Cold  : . . .   Warding    : .   c - +0 robe
Life Prot.: . . .   Conserve   : .   (shield restricted)
Res.Poison: .       Res.Corr.  : .   (helmet restricted)
Res.Elec. : .       Clarity    : .   d - +0 cloak
Sust.Abil.: . .     Spirit.Shd : .   (gloves unavailable)
Res.Mut.  : .       Stasis     : .   (boots unavailable)
Res.Rott. : .       Flight     : .   (no amulet)
Saprovore : . . .                    (no ring)
                                     (no ring)

@: very quick, slightly resistant to hostile enchantments, very stealthy
A: unfitting armour, see invisible, herbivore 3, speed 3, slow metabolism 2
a: no special abilities


You were on level 3 of the Dungeon.
You were not hungry.

You visited 1 branch of the dungeon, and saw 3 of its levels.

You collected 112 gold pieces.

Inventory:

Hand weapons
 a - a +2,+2 dagger (weapon) {=f}
 b - a +0 blowgun
 u - a +0,+0 dagger (quivered)
 v - a +1,+0 dagger
Missiles
 e - 8 poisoned needles
 f - a curare-tipped needle
Armour
 c - a +0 robe (worn)
 d - a +0 cloak (worn)
Scrolls
 h - 2 scrolls of blinking {unknown}
 i - 2 scrolls of remove curse {unknown}
 l - a scroll of curse armour {unknown}
 n - 2 scrolls of identify {unknown}
 q - 2 scrolls of amnesia {unknown}
 r - a scroll of fear {unknown}
 t - a scroll of curse jewellery {unknown}
Potions
 g - a potion of porridge
 j - 2 potions of heal wounds {unknown}
 k - 2 potions of magic {unknown}
 m - 2 potions of confusion {unknown}
 o - a potion of brilliance {unknown}
 p - a potion of curing {unknown}
 s - a potion of paralysis {unknown}
Books
 w - a book of Maledictions

   Spells                             Type                      Level
   Corona                             Hexes                        1
   Sure Blade                         Hexes/Charms                 2
   Ensorcelled Hibernation            Hexes/Ice                    2
   *Confuse                           Hexes                        3
   Enslavement                        Hexes                        4
   Invisibility                       Hexes                        6


   Skills:
 - Level 1.5 Fighting
 - Level 4.0 Short Blades
 - Level 2.1 Throwing
 - Level 3.2 Dodging
 - Level 6.4 Stealth
 + Level 0.2 Hexes


You couldn't memorise any spells.
You knew the following spells:

 Your Spells              Type           Power        Failure   Level  Hunger
a - Confuse               Hex            #.......     86%         3    ####...


Dungeon Overview and Level Annotations

Branches:
Dungeon (3/27)

Altars:
Okawaru

Annotations:
D:3 Grinder


Innate Abilities, Weirdness & Mutations

You are tiny and cannot use many weapons and most armour.
You have supernaturally acute eyesight.
You are a herbivore.
You cover ground extremely quickly.
You need consume almost no food.


Message History

Firing (i - inventory. (,) - cycle):
e - 8 poisoned needles (quivered)
Press: ? - help, Shift-Dir - straight line, f - Grinder
Aim: Grinder
Okay, then.
Quivering
f - 2 curare-tipped needles for blowguns.
Firing (i - inventory. (,) - cycle):
f - 2 curare-tipped needles (quivered)
Press: ? - help, Shift-Dir - straight line, f - Grinder
Aim: Grinder You shoot a curare-tipped needle.
The curare-tipped needle hits Grinder.
Really attack while wielding your +0 blowgun? [Y]es or [N]o only, please.
Really attack while wielding your +0 blowgun?
Wield which item (- for none, * to show all)? (? for menu, Esc to quit)
a - a +2,+2 dagger (weapon)
{=f} You hit Grinder.
Grinder is lightly wounded.
Grinder hits you!
* * * LOW HITPOINT WARNING * * *
You writhe in agony.
You die...

#.# ### ##<##
##...## ##.....##
....... ##.. .....
...# (.. #### #5#
################@#
....)............#
##################


You could see Grinder.

Vanquished Creatures
  3 adders
  An inept feature mimic (D:2)
  A giant gecko (D:2)
  An ooze (D:1)
  4 orcs (D:3)
  2 ball pythons (D:1)
  5 bats
  7 goblins
  3 hobgoblins
  2 jackals (D:1)
  4 kobolds
  A quokka (D:2)
  2 giant cockroaches (D:2)
  3 giant newts
  3 rats
42 creatures vanquished.

Notes
Turn   | Place    | Note
--------------------------------------------------------------
     0 | D:1      | Econoterrorist, the Spriggan Assassin, began the quest for the Orb.
     0 | D:1      | Reached XP level 1. HP: 10/10 MP: 1/1
   269 | D:1      | Reached XP level 2. HP: 14/14 MP: 3/3
   306 | D:1      | Reached skill level 6 in Stealth
   869 | D:2      | Reached XP level 3. HP: 18/18 MP: 5/5
  1158 | D:2      | Found an iron altar of Okawaru.
  1571 | D:3      | Reached XP level 4. HP: 8/22 MP: 7/7
  1833 | D:3      | Learned a level 3 spell: Confuse
  1873 | D:3      | Noticed Grinder
  1879 | D:3      | Slain by Grinder

Action                   |  1- 3 |  4- 6 || total
-------------------------+-------+-------++-------
Melee: Dagger            |   139 |    37 ||   176
 Fire: Blowgun           |       |     1 ||     1
 Stab: Sleeping          |     9 |       ||     9
